 Dungeon Crawl Stone Soup version 0.30.0-19-g36f170ea60 (webtiles) character file.

Game seed: 6894031572314733152

221 ebbelito1337 the Chopper (level 5, 0/54 HPs)
             Began as an Ogre Gladiator on May 26, 2023.
             Slain by a gnoll sergeant
             ... wielding a +1 trident of protection
              (10 damage)
             ... on level 5 of the Dungeon.
             The game lasted 00:12:52 (2734 turns).

ebbelito1337 the Chopper (Ogre Gladiator)           Turns: 2734, Time: 00:12:52

Health: 0/54       AC:  4    Str: 20    XL:     5   Next: 98%
Magic:  5/5        EV: 10    Int:  9    God:
Gold:   95         SH:  0    Dex: 10    Spells: 4/4 levels left

rFire   . . .        a - +0 war axe
rCold   . . .        (no shield)
rNeg    . . .        b - +1 robe
rPois   .            c - +0 hat
rElec   .            (no cloak)
rCorr   .            (gloves unavailable)
SInv    .            (boots unavailable)
Will    .....        (no amulet)
Stlth   +            (no ring)
HPRegen 0.29/turn    (no ring)
MPRegen 0.09/turn

%: no passive effects
@: no status effects
A: large, unfitting armour, tough skin 1
a: no special abilities


You were on level 5 of the Dungeon.
You visited 1 branch of the dungeon, and saw 5 of its levels.

You collected 95 gold pieces.

Inventory:

Hand Weapons
 a - a +0 war axe (weapon)
 g - a +0 whip
Missiles
 d - 3 throwing nets (quivered)
 e - a large rock
 j - 42 stones
 p - 4 javelins
Armour
 b - a +1 robe (worn)
 c - a +0 hat (worn)
 i - a +0 leather armour
 k - a +0 chain mail
 m - a +0 plate armour
Jewellery
 h - a +6 ring of intelligence
Scrolls
 n - a scroll of identify
 r - a scroll of teleportation
 s - a scroll of immolation {unknown}
Potions
 l - a potion of haste
 o - a potion of brilliance
 q - a potion of magic


   Skills:
 + Level 3.8 Fighting
 + Level 5.3 Axes
 + Level 2.0 Throwing
 + Level 3.4 Dodging
 + Level 0.9 Stealth


You had 4 spell levels left.
You didn't know any spells.
Your spell library contained the following spells:

 Spells                   Type           Power      Damage    Failure   Level
 Foxfire                  Conj/Fire      0%         2x1d4     38%         1
 Blink                    Tloc           0%         N/A       52%         2
 Lesser Beckoning         Tloc           0%         N/A       52%         2
 Momentum Strike          Conj/Tloc      0%         3d8       52%         2
 Ignite Poison            Fire/Tmut/Pois 0%         N/A       77%         3
 Sticky Flame             Conj/Fire      0%         2d3       99%         4
 Summon Ice Beast         Ice/Summ       0%         N/A       99%         4
 Fireball                 Conj/Fire      0%         3d3       100%        5
 Summon Mana Viper        Hex/Summ       0%         N/A       100%        5
 Plasma Beam              Fire/Air       0%         2x1d11    100%        6
 Starburst                Conj/Fire      0%         6d3       100%        6
 Monstrous Menagerie      Summ           0%         N/A       100%        7
 Ignition                 Fire           0%         3d3       100%        8


Dungeon Overview and Level Annotations

Branches:
Dungeon (5/15)
 Temple: D:4-7

Altars:


Innate Abilities, Weirdness & Mutations

You are too large for most types of armour.
You have tough skin. (AC +1)


Message History

* * * LOW HITPOINT WARNING * * *
You feel much better. The jelly hits you but does no damage.
The gnoll sergeant hits you from afar with a +1 trident of protection.
You feel much better. The jelly hits you but does no damage.
The gnoll sergeant closely misses you.
You slash the jelly!
Your hands burn!
The jelly is severely wounded.
The jelly barely misses you.
The gnoll sergeant hits you from afar with a +1 trident of protection!
You hit the jelly.
Your hands burn!
The jelly is almost dead.
The jelly jiggles.
The jelly hits you.
You are splashed with acid.
The gnoll sergeant barely misses you.
You hit the jelly.
You kill the jelly!
The gnoll sergeant completely misses you.
The gnoll sergeant barely misses you.
The gnoll sergeant completely misses you.
You closely miss the gnoll sergeant.
The gnoll sergeant is moderately wounded.
The gnoll sergeant barely misses you.
You barely miss the gnoll sergeant.
The gnoll sergeant is moderately wounded.
The gnoll sergeant hits you with a +1 trident of protection!
You hit the gnoll sergeant but do no damage.
The gnoll sergeant is moderately wounded.
The gnoll sergeant hits you with a +1 trident of protection.
* * * LOW HITPOINT WARNING * * *
You feel much better.
The gnoll sergeant hits you with a +1 trident of protection.
You hit the gnoll sergeant but do no damage.
The gnoll sergeant is moderately wounded.
The gnoll sergeant hits you with a +1 trident of protection.
You completely miss the gnoll sergeant.
The gnoll sergeant is moderately wounded.
The gnoll sergeant hits you with a +1 trident of protection!
* * * LOW HITPOINT WARNING * * *
The gnoll sergeant hits you with a +1 trident of protection!
You die...

..## ## ^ ....## #..# ..#
.. ....# #..# ###..#...
#...# #..####........
##.#.# #..#...##.....
##....# ##..#..........
.##.....###.....†.#.#....
...............##.### ...
.......g@.....##...# #..
........####.##...#####..
......... ###......##...
...#...### #............
......# #.>........##
...... #...........#<
#..... J......##...†.##
##.<.. ...#..# #......#
..##.# .........


You could see a gnoll sergeant.

Vanquished Creatures
  2 scorpions (D:5)
  2 jellies
  3 adders
  A worm (D:3)
  A giant cockroach (D:1)
  2 goblins (D:2)
  4 hobgoblins
  4 kobolds
  2 quokkas
  A ball python (D:2)
  A bat (D:2)
  3 rats (D:1)
26 creatures vanquished.

Notes
Turn   | Place    | Note
-------+----------+-------------------------------------------
     0 | D:1      | ebbelito1337 the Ogre Gladiator began the quest for the
                  | Orb.
     0 | D:1      | Reached XP level 1. HP: 22/22 MP: 1/1
   679 | D:1      | Reached XP level 2. HP: 29/29 MP: 2/2
  1290 | D:2      | Reached XP level 3. HP: 21/36 MP: 3/3
  1797 | D:3      | Reached skill level 4 in Axes
  2587 | D:4      | Reached XP level 4. HP: 33/45 MP: 4/4
  2604 | D:5      | Entered Level 5 of the Dungeon
  2611 | D:5      | Noticed a scorpion
  2619 | D:5      | Killed a scorpion
  2620 | D:5      | Reached XP level 5. HP: 41/53 MP: 5/5
  2696 | D:5      | Reached skill level 5 in Axes
  2734 | D:5      | Slain by a gnoll sergeant

Illustrated notes

Levels and vault maps discovered:
D:1:      grunt_arrival_lava_bath, layout_basic
D:2:      minmay_diamond_boxcup, layout_basic
D:3:      layout_basic, serial_rivers, chequers_serial_rivers_micro_d,
          chequers_serial_rivers_micro_a, chequers_serial_rivers_micro_d,
          chequers_serial_rivers_small_b, chequers_serial_rivers_small_3,
          chequers_serial_rivers_marsh
D:4:      layout_basic, gammafunk_temple_overflow_statue,
          gup_ossuary_entry_pyramid
D:5:      layout_cave_pools, serial_gnoll_camp, gnoll_camp_mini_loothouse,
          gnoll_camp_huts_basic, gnoll_camp_mini_house, gnoll_camp_medium_01,
          uniq_pikel, uniq_sigmund

Skill      XL: |  1  2  3  4  5 |
---------------+----------------+-----
Dodging        | 3 |  3.4
Axes           | 4 5 |  5.3
Fighting       | 3 |  3.8
Throwing       | |  2.0
Stealth        | |  0.9

Action                     |  1- 3 |  4- 6 || total
---------------------------+-------+-------++-------
  Melee: War axe           |    68 |    20 ||    88
         Punch             |     1 |       ||     1
    Use: Scroll            |    11 |       ||    11
         Potion            |     2 |     3 ||     5
 Armour: Robe              |    30 |     5 ||    35
  Dodge: Dodged            |    50 |    19 ||    69
